 Dungeon Crawl Stone Soup version 0.27-a0-421-g7ddf969dea (webtiles) character file.

Game seed: 1794145777921953473

5818 Anon1729 the Cutter (level 10, -8/77 HPs)
             Began as a Demonspawn Warper on Feb 26, 2021.
             Mangled by a vampire (13 damage)
             ... on level 8 of the Dungeon.
             The game lasted 00:12:28 (10477 turns).

Anon1729 the Cutter (Demonspawn Warper)            Turns: 10477, Time: 00:12:28

Health: -8/77      AC:  7    Str: 18 (21) XL:     10   Next: 51%
Magic:  15/16      EV: 14    Int: 14 (17) God:
Gold:   384        SH:  0    Dex: 13 (14) Spells: 15/17 levels left

rFire    . . .     SeeInvis .   h - +3 dagger (venom)
rCold    . . .     Faith    .   (no shield)
rNeg     . . .     Spirit   .   b - +0 leather armour
rPois    .         Reflect  .   B - +2 hat
rElec    .         Harm     .   (no cloak)
rCorr    .         Rampage  .   c - +0 pair of gloves
Will     +....     Rnd*Rage +   (no boots)
Stlth    ++++......             (no amulet)
HPRegen  0.22/turn              m - ring of willpower
MPRegen  0.15/turn              t - +6 ring of strength

@: no status effects
A: claws 1, talons 2, thin skeletal structure 1, berserk 1, spiny 1, strong 1
a: no special abilities


You were on level 8 of the Dungeon.
You visited 1 branch of the dungeon, and saw 9 of its levels.

You collected 384 gold pieces.

Inventory:

Hand Weapons
 a - a +0 short sword
 g - a +0 dagger
 h - a +3 dagger of venom (weapon)
Missiles
 e - 5 boomerangs of dispersal (quivered)
 x - 7 boomerangs
Armour
 b - a +0 leather armour (worn)
 c - a +0 pair of gloves (worn)
 j - a +0 helmet
 B - a +2 hat (worn)
Jewellery
 m - a ring of willpower (left hand)
 t - a +6 ring of strength (right hand)
 v - a ring of protection from cold
 A - a ring of see invisible
 D - a +4 ring of evasion
 G - a ring of protection from fire
Wands
 u - a wand of iceblast (14)
 E - a wand of digging (6)
 L - a wand of mindburst (20)
Scrolls
 d - 2 scrolls of blinking
 f - 3 scrolls of fog {unknown}
 i - a scroll of fear {unknown}
 p - 8 scrolls of identify {unknown}
 q - 2 scrolls of amnesia {unknown}
 r - 3 scrolls of enchant armour {unknown}
 s - 4 scrolls of immolation {unknown}
 y - a scroll of teleportation {unknown}
 z - 6 scrolls of magic mapping {unknown}
 C - 2 scrolls of enchant weapon {unknown}
Potions
 k - a potion of degeneration
 l - a potion of curing
 n - 3 potions of might
 o - a potion of cancellation
 w - a potion of flight {unknown}
 F - a potion of mutation
 H - a potion of brilliance
 I - a potion of resistance {unknown}
 J - a potion of lignification {unknown}
 K - a potion of heal wounds {unknown}


   Skills:
 + Level 6.4 Fighting
 + Level 7.8 Short Blades
 - Level 1.0 Throwing
 + Level 5.6 Armour
 + Level 5.3 Dodging
 - Level 6.0 Stealth
 + Level 4.1 Spellcasting
 + Level 4.9 Translocations


You had 15 spell levels left.
You knew the following spells:

 Your Spells              Type           Power        Failure   Level
a - Blink                 Tloc           N/A          4%          2

Your spell library contained the following spells:

 Spells                   Type           Power        Failure   Level
 Gell's Gravitas          Tloc           8%           9%          3
 Lesser Beckoning         Tloc           8%           9%          3
 Teleport Other           Tloc           16%          9%          3
 Manifold Assault         Tloc           16%          28%         4
 Confusing Touch          Hex            2%           54%         3
 Petrify                  Tmut/Erth      2%           91%         4
 Metabolic Englaciation   Hex/Ice        1%           99%         5
 Yara's Violent Unravell  Hex/Tmut       1%           99%         5
 Haunt                    Necr/Summ      1%           100%        7
 Malign Gateway           Summ/Tloc      4%           100%        7
 Monstrous Menagerie      Summ           1%           100%        7
 Summon Horrible Things   Summ           1%           100%        8


Dungeon Overview and Level Annotations

Branches:
Dungeon (9/15)             Temple (0/1) D:4
   Lair: D:8-11         Orc: D:9-12

Altars:
Cheibriados
Dithmenos
Elyvilon
Gozag
Makhleb
Qazlal
Ru
Sif Muna
Uskayaw
Vehumet
Yredelemnul
The Shining One

Shops:
D:6 (

Annotations:
D:8 3 runed translucent doors, exclusion: electric eel, ma3's ghost, novice DECj


Innate Abilities, Weirdness & Mutations

You have razor-sharp toenails.
You have a somewhat thin skeletal structure. (Dex +2, Stealth)
You are partially covered in sharp spines.
You have sharp fingernails.
You tend to lose your temper in combat.
Your muscles are strong. (Str +2)


Message History

* * * LOW HITPOINT WARNING * * *
Unknown command.
Sorry, you're not good enough to have a special ability.
It was a potion of brilliance.
You feel clever all of a sudden. The centaur warrior closely misses you.
It was a potion of cancellation.
Your magical effects are unravelling.
You feel magically purged.
You feel a little less mighty now.
You feel a little less clever now.
The centaur warrior is struck by your spines.
You kill the centaur warrior!
Your Spellcasting skill increases to level 4!
It was a potion of degeneration.
There was something very wrong with that liquid.
You feel weakened.
You feel dopey.
You feel clumsy. Something hits you but does no damage. Something bites you!
* * * LOW HITPOINT WARNING * * *
Something draws strength from your injuries!
Unknown command.
You feel better. Something hits you.
* * * LOW HITPOINT WARNING * * *
Something bites you but does no damage.
Unknown command.
Aiming: Mindburst
Press: ? - help, Shift-Dir - straight line Something's mind is blasted!
Something barely misses you. Something bites you.
* * * LOW HITPOINT WARNING * * *
Something draws strength from your injuries!
Aiming: Mindburst
Press: ? - help, Shift-Dir - straight line Nothing appears to happen.
You hear some strange, mumbled words.
Something tries to affect you, but you resist.
Unknown command.
Unknown command.
It was a potion of mutation.
You feel extremely strange.
You feel a little pissed off.
Your fingernails lengthen.
You feel stronger. Something hits you!
You die...

# #.# # ♣♣♣ .#
#.#### ..♣ .♣
#..<.. ♣.♣ .♣
###### ♣.♣ .#.♣#
♣.♣#c≈≈≈$#
♣Z..{≈≈≈.#
♣{♣#[≈≈≈"#######
♣@♣ .#.♣#.....#
♣.♣ .♣ #.##..# ♣.♣
.♣#.##..###
♣.♣♣♣♣♣♣♣♣♣♣♣.♣
.#.##....†
♣.............♣
#.....###
♣♣♣♣♣♣♣.♣♣♣♣♣♣♣
#.##..# #
#####♣.♣######
#.....# ♣♣
♣♣.............
#.....#
.♣♣♣.♣♣..♣.♣♣♣♣..♣
♣#..####


You could see a water moccasin skeleton.

Vanquished Creatures
  A centaur warrior (D:8)
  A two-headed ogre (D:8)
  Pikel (D:5)
  A wyvern (D:8)
  An ice beast (D:6)
  2 orc warriors
  5 sky beasts
  7 ogres
  2 centaurs
  2 lemures
  2 phantoms
  6 bullfrogs
  A water moccasin zombie (D:8)
  4 wights (D:8)
  4 howler monkeys
  A centaur zombie (D:5)
  6 orc priests
  6 hounds
  2 centaur skeletons
  4 bullfrog skeletons
  3 bullfrog zombies (D:5)
  3 jellies
  7 orc wizards
  Natasha (D:2)
  8 worker ants
  A killer bee zombie (D:8)
  A hound zombie (D:6)
  A hound skeleton (D:5)
  3 worker ant zombies
  3 gnolls (D:8)
  A howler monkey skeleton (D:4)
  14 adders
  3 white imps
  2 ufetubi (D:8)
  2 oozes
  2 adder skeletons
  4 worms
  3 dart slugs
  7 leopard geckos
  38 orcs
  6 giant cockroaches
  4 goblins
  4 hobgoblins
  6 jackals
  6 kobolds
  A quokka (D:3)
  A ball python (D:5)
  9 bats
  8 frilled lizards
  A jackal zombie (D:8)
  A quokka zombie (D:7)
  7 rats
  A spectral orc (D:5)
221 creatures vanquished.

Vanquished Creatures (others)
  A kobold (D:2)
  A quokka (D:2)
  3 plants (D:1)
5 creatures vanquished.

Grand Total: 226 creatures vanquished

Notes
Turn   | Place    | Note
-------+----------+-------------------------------------------
     0 | D:1      | Anon1729 the Demonspawn Warper began the quest for the Orb.
     0 | D:1      | Reached XP level 1. HP: 16/16 MP: 3/3
   223 | D:1      | Gained mutation: You have sharp toenails. [demonic
                  | ancestry]
   223 | D:1      | Reached XP level 2. HP: 22/22 MP: 5/5
   306 | D:1      | Reached skill level 2 in Short Blades
   659 | D:1      | Reached skill level 1 in Armour
   971 | D:1      | Reached XP level 3. HP: 25/27 MP: 6/6
  1456 | D:2      | Noticed Natasha
  1462 | D:2      | Killed Natasha
  1463 | D:2      | Reached XP level 4. HP: 31/34 MP: 7/7
  1545 | D:2      | Found a white marble altar of Elyvilon.
  2011 | D:3      | Reached skill level 3 in Short Blades
  2180 | D:3      | Found a hide-covered altar of Uskayaw.
  2186 | D:3      | Learned a level 2 spell: Blink
  2355 | D:3      | Reached XP level 5. HP: 23/39 MP: 8/8
  2886 | D:3      | Found an opulent altar of Gozag.
  2901 | D:3      | You fall into a shaft and drop 1 floor!
  2901 | D:4      | Noticed an ogre
  2909 | D:4      | Killed an ogre
  2920 | D:4      | Gained mutation: You have a somewhat thin skeletal
                  | structure. (Dex +2, Stealth) [demonic ancestry]
  2920 | D:4      | Reached XP level 6. HP: 43/46 MP: 9/9
  3370 | D:4      | Noticed Pikel
  3420 | D:5      | Entered Level 5 of the Dungeon
  3888 | D:5      | Reached skill level 4 in Short Blades
  4039 | D:5      | Reached skill level 1 in Stealth
  4039 | D:5      | Gained mutation: You are partially covered in sharp spines.
                  | [demonic ancestry]
  4039 | D:5      | Reached XP level 7. HP: 21/52 MP: 10/10
  4568 | D:5      | Found a basalt altar of Yredelemnul.
  4782 | D:5      | Found a stormy altar of Qazlal.
  4944 | D:5      | Killed Pikel
  4945 | D:5      | Reached skill level 5 in Short Blades
  4945 | D:5      | Gained mutation: You have razor-sharp toenails. [demonic
                  | ancestry]
  4945 | D:5      | Reached XP level 8. HP: 29/60 MP: 11/11
  5351 | D:4      | Found a staircase to the Ecumenical Temple.
  5634 | D:4      | Reached skill level 6 in Short Blades
  5808 | D:4      | Found a burning altar of Makhleb.
  5810 | D:4      | Noticed an Executioner
  5846 | D:4      | Found a snail-covered altar of Cheibriados.
  5927 | D:6      | Reached skill level 5 in Stealth
  6163 | D:6      | Found Ruema's Antique Weapon Shoppe.
  6248 | D:6      | Found a sacrificial altar of Ru.
  6449 | D:6      | Reached XP level 9. HP: 66/66 MP: 12/12
  7304 | D:7      | Reached skill level 5 in Fighting
  7645 | D:7      | Found a glowing golden altar of the Shining One.
  7698 | D:7      | HP: 1/68 [wyvern zombie (16)]
  8019 | D:8      | Reached skill level 7 in Short Blades
  8019 | D:8      | Reached skill level 1 in Throwing
  8522 | D:8      | Found a shadowy altar of Dithmenos.
  8893 | D:8      | Found a shimmering blue altar of Sif Muna.
  9209 | D:9      | Found a radiant altar of Vehumet.
  9263 | D:9      | Reached skill level 5 in Armour
  9265 | D:9      | Reached XP level 10. HP: 43/76 MP: 14/14
  9516 | D:8      | Noticed a two-headed ogre
  9545 | D:8      | Killed a two-headed ogre
  9546 | D:8      | Reached skill level 5 in Dodging
  9988 | D:8      | Found a runed translucent gate.
  9991 | D:8      | Found a runed translucent gate.
  9992 | D:8      | Found a runed translucent gate.
  9994 | D:8      | Noticed ma3's ghost (novice DECj)
 10458 | D:8      | Noticed a centaur warrior
 10472 | D:8      | Killed a centaur warrior
 10477 | D:8      | Gained mutation: You tend to lose your temper in combat.
                  | [potion of mutation]
 10477 | D:8      | Gained mutation: You have sharp fingernails. [potion of
                  | mutation]
 10477 | D:8      | Gained mutation: Your muscles are strong. (Str +2) [potion
                  | of mutation]
 10477 | D:8      | Mangled by a vampire

Illustrated notes

Levels and vault maps discovered:
D:1:      wander_arrival_chamber, layout_loops_cross, serial_bayou,
          serial_bayou_pond_e, serial_bayou_lagoon_b, serial_bayou_shore_b,
          serial_bayou_pond_d
D:2:      layout_loops_ring, elyvilon_altar_4, uniq_natasha
D:3:      layout_basic, grunt_gozag_statues, lemuel_doored_altar,
          general_overflow_altar, kennysheep_generic_room_14
D:4:      layout_basic, kennysheep_mini_moat, minmay_temple_entry_offerings,
          serial_park_tiny_1, makhleb_altar_promises_db, uniq_pikel
D:5:      layout_loops_ring, lemuel_round_altar,
          yredelemnul_forgotten_temple_becter, minmay_misc_feat_encased
D:6:      layout_cave_pools, nicolae_ru_sacrificial_ziggurat, serial_shops,
          shop_fountains, gup_sewer_entry_spiral, nrook_mini_vaults,
          minmay_misc_feat_four_crosses
D:7:      layout_loops_ring, overflow_temple_1_default, marbit_many_paths
D:8:      nzn_winding_woodlands_large [nzn_winding_woodlands_5x5_three,
          nzn_winding_woodlands_5x15_pockets,
          nzn_winding_woodlands_5x5_open_star,
          nzn_winding_woodlands_center_triple_pond,
          nzn_winding_woodlands_15x15_boxy_spiral,
          nzn_winding_woodlands_center_pierced_h,
          nzn_winding_woodlands_hourglass,
          nzn_winding_woodlands_5x15_river_crossing,
          nzn_winding_woodlands_5x5_perimeter], layout_loops_corners,
          grunt_dithmenos_shadows, overflow_temple_1_default,
          gammafunk_ghost_spectres, amethyst_killhole
D:9:      layout_gridville, kennysheep_mini

Skill      XL: |  1  2  3  4  5  6  7  8  9 10 |
---------------+-------------------------------+-----
Translocations | 3 4 |  4.9
Short Blades   | 2 3 4 5 6 7 |  7.8
Armour         | 1 2 3 4 5 |  5.6
Dodging        | 2 3 4 5 |  5.3
Fighting       | 3 4 5 6 |  6.4
Stealth        | 1 3 5 6 |  6.0
Throwing       | 1 |  1.0
Spellcasting   | 3 4 |  4.1

Action                   |  1- 3 |  4- 6 |  7- 9 | 10-12 || total
-------------------------+-------+-------+-------+-------++-------
Melee: Short sword       |    40 |       |       |       ||    40
       Dagger            |    51 |   163 |   334 |    81 ||   629
       Kick              |    12 |    52 |   114 |    30 ||   208
 Cast: Blink             |       |     2 |     3 |       ||     5
Evoke: Wand              |       |       |       |     2 ||     2
  Use: Potion            |       |       |       |     7 ||     7
 Stab: Sleeping          |       |     1 |    21 |     3 ||    25
       Distracted        |       |       |     1 |       ||     1
Armor: Leather armour    |    34 |    47 |    55 |    12 ||   148
Dodge: Dodged            |    53 |    99 |   118 |    36 ||   306

Table legend: (Time is in decaauts)
 A = Elapsed time spent in this place.
 B = Non-inter-level travel time spent in this place.
 C = Inter-level travel time spent in this place.
 D = Time resting spent in this place.
 E = Time spent auto-exploring this place.
 F = Levels seen in this place.
 G = Mean time per level.
                   A        B        C        D        E       F      G
               +--------+--------+--------+--------+--------+-----+--------+
         Total |  10374 |  10125 |    249 |   1059 |   7506 |   9 | 1152.7 |
       Dungeon |  10374 |  10125 |    249 |   1059 |   7506 |   9 | 1152.7 |
               +--------+--------+--------+--------+--------+-----+--------+

Top non-repeatable levels by time:
     D:8: 2414 daAuts
     D:5: 1707 daAuts
     D:6: 1393 daAuts
     D:4: 1261 daAuts
     D:1: 1160 daAuts
     D:3: 889 daAuts
     D:2: 855 daAuts
     D:7: 408 daAuts
     D:9: 283 daAuts
